NCAA
VIRGINIA CAVALIERS @ OKLAHOMA SOONERS
05/11/2023
 
TOP OF THE 1ST
Virginia Cavaliers batting - Pitching for Oklahoma Sooners : RHP Jesús Cantú
Pitching: RHP Jesús Cantú
Batting: LHB John Frost 0-0: Ball
1-0: Ball
2-0: Called Strike
2-1: Foul Ball, location: 2F
2-2: Ball
3-2: Strikes out swinging
Batting: RHB Rafael Ornelas 0-0: Ball
1-0: Fly out, F4 (Popup, 6MD)
Batting: LHB José Márquez 0-0: Ball
1-0: Ball
2-0: Ball
3-0: Base on Balls
Batting: RHB John Warren 0-0: Called Strike
0-1: Fly out, F9 (Line Drive, 89M)
Top of the 1st over - 0 run(s), 0 hit(s), 0 error(s), 1 left on base; Virginia 0 - Oklahoma 0
BOTTOM OF THE 1ST
Oklahoma Sooners batting - Pitching for Virginia Cavaliers : RHP Lloyd Davis
Pitching: RHP Lloyd Davis
Batting: RHB Ralph Hayes 0-0: Ball
1-0: Swinging Strike
1-1: Foul Ball, location: 2F
1-2: Ball
2-2: Ground out 2-3 (Groundball, 25)
Batting: RHB Dan Mitchell 0-0: Ball
1-0: Foul Ball, location: 2F
1-1: Ball
2-1: Foul Ball, location: 2F
2-2: Foul Ball, location: 2F
2-2: Ground out 4-3 (Groundball, 4)
Batting: RHB Dan Johnson 0-0: Called Strike
0-1: Called Strike
0-2: Ground out 5-3 (Groundball, 5L)
Bottom of the 1st over - 0 run(s), 0 hit(s), 0 error(s), 0 left on base; Virginia 0 - Oklahoma 0
TOP OF THE 2ND
Virginia Cavaliers batting - Pitching for Oklahoma Sooners : RHP Jesús Cantú
Batting: RHB Ty Ford 0-0: Ball
1-0: Called Strike
1-1: Swinging Strike
1-2: Ball
2-2: SINGLE (Line Drive, 56D)
Batting: RHB Jeremy Johnston 0-0: Called Strike
0-1: Ball
1-1: Ball
2-1: SINGLE (Line Drive, 6D)
Ty Ford to second
Batting: RHB John Dorsey 0-0: Ball
1-0: Foul Ball, location: 2F
1-1: Swinging Strike
1-2: 3-RUN HOME RUN (Flyball, 7D), Distance : 355 ft
Batting: RHB Curt Owens 0-0: Called Strike
0-1: Ball
1-1: Ball
2-1: SOLO HOME RUN (Flyball, 89XD), Distance : 369 ft
Batting: RHB Flynn Green 0-0: Foul Ball, location: 2F
0-1: Ball
1-1: SINGLE (Line Drive, 78S)
Batting: LHB John Frost 0-0: Swinging Strike
0-1: Foul Ball, location: 2F
0-2: Ball
1-2: Ball
2-2: SINGLE (Groundball, 56)
Flynn Green to second
Batting: RHB Rafael Ornelas 0-0: Called Strike
0-1: Foul Ball, location: 2F
0-2: Strikes out swinging
Batting: LHB José Márquez 0-0: Ball
1-0: Ball
2-0: DOUBLE (Line Drive, 9LS)
Flynn Green scores
John Frost to third
Batting: RHB John Warren 0-0: Ball
1-0: Ball
2-0: Ground out 3-1 (Groundball, 34)
John Frost scores
José Márquez to third
Batting: RHB Ty Ford 0-0: SINGLE (Line Drive, 78M)
José Márquez scores
Batting: RHB Jeremy Johnston 0-0: Called Strike
0-1: Ball
1-1: DOUBLE (Line Drive, 7LS)
Ty Ford to third
Batting: RHB John Dorsey 0-0: Ball
1-0: Ball
2-0: Ball
3-0: Called Strike
3-1: Fly out, F8 (Flyball, 8LM)
Top of the 2nd over - 7 run(s), 9 hit(s), 0 error(s), 2 left on base; Virginia 7 - Oklahoma 0
BOTTOM OF THE 2ND
Oklahoma Sooners batting - Pitching for Virginia Cavaliers : RHP Lloyd Davis
Batting: RHB Glenn Melican 0-0: Called Strike
0-1: Foul Ball, location: 2F
0-2: Ball
1-2: Ball
2-2: Ground out 6-3 (Groundball, 6)
Batting: RHB José Fuentes 0-0: Called Strike
0-1: Ball
1-1: Foul Ball, location: 2F
1-2: Foul Ball, location: 2F
1-2: Ball
2-2: Foul Ball, location: 2F
2-2: SINGLE (Groundball, 34D)
Batting: SHB César Álvarez 0-0: Called Strike
José Fuentes steals 2nd base
0-1: Ball
1-1: Ball
2-1: Ball
3-1: Fly out, F8 (Flyball, 78M)
Batting: RHB Ben Fisher 0-0: Called Strike
0-1: DOUBLE (Line Drive, 8LM)
José Fuentes scores
Batting: SHB Walt Rodgers 0-0: Ground out 4-3 (Groundball, 4)
Bottom of the 2nd over - 1 run(s), 2 hit(s), 0 error(s), 1 left on base; Virginia 7 - Oklahoma 1
TOP OF THE 3RD
Virginia Cavaliers batting - Pitching for Oklahoma Sooners : RHP Jesús Cantú
Batting: RHB Curt Owens 0-0: Ball
1-0: Called Strike
1-1: Ball
2-1: Swinging Strike
2-2: Ball
3-2: Foul Ball, location: 2F
3-2: SINGLE (Groundball, 56D)
Batting: RHB Flynn Green 0-0: Ball
1-0: Ball
2-0: Called Strike
2-1: Ball
3-1: Foul Ball, location: 2F
3-2: Fielders Choice at 2nd, 6-4 (Groundball, 6)
Batting: LHB John Frost 0-0: Ball
1-0: Ball
2-0: Grounds out, U3 (Groundball, 3L)
Batting: RHB Rafael Ornelas 0-0: Called Strike
0-1: Reaches on Catchers interference
Batting: LHB José Márquez 0-0: Ball
1-0: Ball
2-0: Called Strike
2-1: Fly out, F8 (Flyball, 8RD)
Top of the 3rd over - 0 run(s), 1 hit(s), 1 error(s), 2 left on base; Virginia 7 - Oklahoma 1
BOTTOM OF THE 3RD
Oklahoma Sooners batting - Pitching for Virginia Cavaliers : RHP Lloyd Davis
Batting: RHB Kurt Elkins 0-0: Ball
1-0: Ball
2-0: Called Strike
2-1: Foul Ball, location: 2F
2-2: Ball
3-2: Foul Ball, location: 2F
3-2: Foul Ball, location: 2F
3-2: Fly out, F7 (Popup, 6MD)
Batting: RHB Ralph Hayes 0-0: Foul Ball, location: 2F
0-1: Ball
1-1: Ball
2-1: Foul Ball, location: 2F
2-2: Strikes out swinging
Batting: RHB Dan Mitchell 0-0: Called Strike
0-1: Foul Ball, location: 2F
0-2: Ground out 4-3 (Groundball, 4)
Bottom of the 3rd over - 0 run(s), 0 hit(s), 0 error(s), 0 left on base; Virginia 7 - Oklahoma 1
TOP OF THE 4TH
Virginia Cavaliers batting - Pitching for Oklahoma Sooners : RHP Jesús Cantú
Batting: RHB John Warren 0-0: Called Strike
0-1: Ball
1-1: Foul Ball, location: 2F
1-2: Fly out, F3 (Line Drive, 3S)
Pitching: RHP Bill Palmer
Batting: RHB Ty Ford 0-0: Called Strike
0-1: Swinging Strike
0-2: Strikes out looking
Batting: RHB Jeremy Johnston 0-0: Ball
1-0: SINGLE (Line Drive, 6MD)
Batting: RHB John Dorsey 0-0: Ball
1-0: Swinging Strike
1-1: Ball
2-1: Foul Ball, location: 2F
2-2: SINGLE (Flyball, 8LS)
Jeremy Johnston to second
Batting: RHB Curt Owens 0-0: Ball
1-0: Ball
2-0: Ball
3-0: Base on Balls
Jeremy Johnston to third
John Dorsey to second
Batting: RHB Flynn Green 0-0: Ball
1-0: Ball
2-0: Foul Ball, location: 2F
2-1: SINGLE (Flyball, 7S)
Jeremy Johnston scores
John Dorsey to third
Curt Owens to second
Runner from 3rd tries for Home, SAFE, throw made at trailing runner, OUT at third!
Top of the 4th over - 2 run(s), 3 hit(s), 0 error(s), 1 left on base; Virginia 9 - Oklahoma 1
BOTTOM OF THE 4TH
Oklahoma Sooners batting - Pitching for Virginia Cavaliers : RHP Lloyd Davis
Batting: RHB Dan Johnson 0-0: Ball
1-0: Foul Ball, location: 2F
1-1: Ball
2-1: Foul Ball, location: 2F
2-2: Foul Ball, location: 2F
2-2: Foul Ball, location: 2F
2-2: Foul Ball, location: 2F
2-2: Ball
3-2: Base on Balls
Batting: RHB Glenn Melican 0-0: Ball
1-0: Ball
2-0: Foul Ball, location: 2F
2-1: Fly out, F6 (Line Drive, 6)
Batting: RHB José Fuentes 0-0: Called Strike
0-1: Ball
1-1: Foul Ball, location: 2F
1-2: SINGLE (Groundball, 34D)
Dan Johnson to second
Runner from 2nd tries for 3rd, SAFE, throw made to third
Batting: SHB César Álvarez 0-0: Ball
1-0: Called Strike
1-1: Called Strike
1-2: Ball
2-2: Fly out, F7 (Flyball, 7M)
Runner from 3rd tags up, SCORES, throw made
Batting: RHB Ben Fisher 0-0: Called Strike
0-1: Ball
1-1: Ball
2-1: Foul Ball, location: 2F
2-2: DOUBLE (Line Drive, 9LM)
José Fuentes to third
Batting: SHB Walt Rodgers 0-0: Called Strike
0-1: Foul Ball, location: 2F
0-2: Foul Ball, location: 2F
0-2: Ball
1-2: Ball
2-2: Foul Ball, location: 2F
2-2: Ball
3-2: Ground out 5-3 (Groundball, 5S)
Bottom of the 4th over - 1 run(s), 2 hit(s), 0 error(s), 2 left on base; Virginia 9 - Oklahoma 2
TOP OF THE 5TH
Virginia Cavaliers batting - Pitching for Oklahoma Sooners : RHP Bill Palmer
Batting: LHB John Frost 0-0: Called Strike
0-1: Ball
1-1: Ground out 4-3 (Groundball, 4)
Batting: RHB Rafael Ornelas 0-0: SOLO HOME RUN (Flyball, 7D), Distance : 344 ft
Batting: LHB José Márquez 0-0: Foul Ball, location: 2F
0-1: Foul Ball, location: 2F
0-2: Ball
1-2: Fly out, F9 (Flyball, 9M)
Batting: RHB John Warren 0-0: Called Strike
0-1: Ball
1-1: Ball
2-1: SINGLE (Flyball, 8RS)
Batting: RHB Ty Ford 0-0: Swinging Strike
0-1: Ball
1-1: Called Strike
1-2: Strikes out looking
Top of the 5th over - 1 run(s), 2 hit(s), 0 error(s), 1 left on base; Virginia 10 - Oklahoma 2
BOTTOM OF THE 5TH
Oklahoma Sooners batting - Pitching for Virginia Cavaliers : RHP Lloyd Davis
Pitching: RHP Ricardo Torres
Batting: RHB Kurt Elkins 0-0: Called Strike
0-1: Ball
1-1: Ball
2-1: Foul Ball, location: 2F
2-2: Foul Ball, location: 2F
2-2: Ball
3-2: Foul Ball, location: 2F
3-2: Base on Balls
Batting: RHB Ralph Hayes 0-0: Called Strike
0-1: Swinging Strike
0-2: Ball
1-2: Strikes out swinging
Batting: RHB Dan Mitchell 0-0: Ball
1-0: Ball
2-0: Called Strike
2-1: Foul Ball, location: 2F
2-2: Foul Ball, location: 2F
2-2: Strikes out swinging
Batting: RHB Dan Johnson 0-0: Ball
1-0: Ball
2-0: Called Strike
2-1: Ball
3-1: Base on Balls
Kurt Elkins to second
Batting: RHB Glenn Melican 0-0: Swinging Strike
0-1: Foul Ball, location: 2F
0-2: SINGLE (Groundball, 6M)
Kurt Elkins to third
Dan Johnson to second
Runner from 3rd tries for Home, SAFE, no throw or cutoff
Batting: RHB José Fuentes 0-0: Called Strike
0-1: Ball
1-1: Swinging Strike
1-2: Ball
2-2: Ground out 4-3 (Groundball, 34)
Bottom of the 5th over - 1 run(s), 1 hit(s), 0 error(s), 2 left on base; Virginia 10 - Oklahoma 3
TOP OF THE 6TH
Virginia Cavaliers batting - Pitching for Oklahoma Sooners : RHP Bill Palmer
Batting: RHB Jeremy Johnston 0-0: Ball
1-0: Ball
2-0: Swinging Strike
2-1: Ball
3-1: Swinging Strike
3-2: Foul Ball, location: 2F
3-2: Base on Balls
Batting: RHB John Dorsey 0-0: Called Strike
0-1: Ball
1-1: Foul Ball, location: 2F
1-2: Ball
2-2: Ball
3-2: Base on Balls
Jeremy Johnston to second
Batting: RHB Curt Owens 0-0: Foul Ball, location: 2F
0-1: Swinging Strike
0-2: Ball
1-2: Foul Ball, location: 2F
1-2: Strikes out looking
Pitching: LHP Greg Mueller
Batting: RHB Flynn Green 0-0: Foul Ball, location: 2F
0-1: Fly out, F7 (Flyball, 7LM)
0-1: Lined into DP, 7-4 (Flyball, 7LM)
Top of the 6th over - 0 run(s), 0 hit(s), 0 error(s), 1 left on base; Virginia 10 - Oklahoma 3
BOTTOM OF THE 6TH
Oklahoma Sooners batting - Pitching for Virginia Cavaliers : RHP Ricardo Torres
Batting: SHB César Álvarez 0-0: Fly out, F6 (Line Drive, 6)
Batting: RHB Ben Fisher 0-0: Swinging Strike
0-1: Ball
1-1: Swinging Strike
1-2: Strikes out swinging
Batting: SHB Walt Rodgers 0-0: Ball
1-0: Called Strike
1-1: Ball
2-1: Foul Ball, location: 2F
2-2: Fly out, F7 (Flyball, 7M)
Bottom of the 6th over - 0 run(s), 0 hit(s), 0 error(s), 0 left on base; Virginia 10 - Oklahoma 3
TOP OF THE 7TH
Virginia Cavaliers batting - Pitching for Oklahoma Sooners : LHP Greg Mueller
Batting: LHB John Frost 0-0: Ball
1-0: Ground out 4-3 (Groundball, 4M)
Batting: RHB Rafael Ornelas 0-0: Called Strike
0-1: Foul Ball, location: 2F
0-2: Strikes out looking
Batting: LHB José Márquez 0-0: Foul Ball, location: 2F
0-1: Swinging Strike
0-2: Strikes out swinging
Top of the 7th over - 0 run(s), 0 hit(s), 0 error(s), 0 left on base; Virginia 10 - Oklahoma 3
BOTTOM OF THE 7TH
Oklahoma Sooners batting - Pitching for Virginia Cavaliers : RHP Ricardo Torres
Pitching: RHP Clint Buck
Batting: RHB Kurt Elkins 0-0: Ball
1-0: Ball
2-0: Swinging Strike
2-1: SINGLE (Flyball, 8LS)
Batting: RHB Ralph Hayes 0-0: Called Strike
0-1: Ball
1-1: Ball
2-1: Called Strike
Throwing error on steal attempt, E2
Kurt Elkins to third
2-2: Ball
3-2: Foul Ball, location: 2F
3-2: Foul Ball, location: 2F
3-2: Foul Ball, location: 2F
3-2: Base on Balls
Batting: RHB Dan Mitchell 0-0: Ball
1-0: Ball
2-0: SINGLE (Line Drive, 56D)
Kurt Elkins scores
Ralph Hayes to second
Batting: RHB Dan Johnson 0-0: Ball
1-0: Ball
2-0: Ball
3-0: Base on Balls
Ralph Hayes to third
Dan Mitchell to second
Batting: RHB Glenn Melican 0-0: SINGLE (Line Drive, 9LM)
Ralph Hayes scores
Dan Mitchell to third
Dan Johnson to second
Batting: RHB José Fuentes 0-0: Fly out, F9 (Flyball, 9LS)
Batting: SHB César Álvarez 0-0: Swinging Strike
0-1: Called Strike
0-2: Strikes out swinging
Batting: RHB Ben Fisher 0-0: Ball
1-0: SINGLE (Groundball, 34D)
Dan Mitchell scores
Dan Johnson to third
Glenn Melican to second
Runner from 3rd tries for Home, SAFE, throw made home
Pitching: RHP Bill Ward
Batting: SHB Walt Rodgers 0-0: Foul Ball, location: 2F
0-1: Foul Ball, location: 2F
0-2: Ball
1-2: Fly out, F9 (Flyball, 89M)
Bottom of the 7th over - 4 run(s), 4 hit(s), 1 error(s), 2 left on base; Virginia 10 - Oklahoma 7
TOP OF THE 8TH
Virginia Cavaliers batting - Pitching for Oklahoma Sooners : LHP Greg Mueller
Batting: RHB John Warren 0-0: Called Strike
0-1: Ball
1-1: Ball
2-1: SINGLE (Popup, 4D)
Batting: RHB Ty Ford 0-0: Ball
1-0: Ball
2-0: Called Strike
2-1: Swinging Strike
2-2: Ball
3-2: Foul Ball, location: 2F
3-2: Foul Ball, location: 2F
3-2: Foul Ball, location: 2F
3-2: Base on Balls
John Warren to second
Batting: RHB Jeremy Johnston 0-0: DOUBLE (Line Drive, 78D)
John Warren scores
Ty Ford to third
Batting: RHB John Dorsey 0-0: Ball
1-0: Ball
2-0: Ball
3-0: Called Strike
3-1: Base on Balls
Batting: RHB Curt Owens 0-0: Ball
1-0: Ball
2-0: Foul Ball, location: 2F
2-1: Ball
3-1: Base on Balls
Ty Ford scores
Jeremy Johnston to third
John Dorsey to second
Batting: RHB Flynn Green 0-0: Ball
Single, Error in OF, E7, batter to second base
Jeremy Johnston scores
John Dorsey scores
Curt Owens to third
Batting: LHB John Frost 0-0: Ball
1-0: Called Strike
1-1: Foul Ball, location: 2F
1-2: Strikes out looking
Pitching: LHP Bruce Silva
Batting: RHB Rafael Ornelas 0-0: Ball
1-0: Foul Ball, location: 2F
1-1: Reached on error, E5 (Groundball, 5S)
Curt Owens scores
Flynn Green scores
Batting: LHB José Márquez 0-0: Foul Ball, location: 2F
0-1: Ball
1-1: Fly out, F4 (Popup, 4D)
Batting: RHB John Warren 0-0: Called Strike
0-1: Foul Ball, location: 2F
0-2: Ball
1-2: Foul Ball, location: 2F
1-2: Ball
2-2: Foul Ball, location: 2F
2-2: Foul Ball, location: 2F
2-2: Strikes out swinging
Top of the 8th over - 6 run(s), 3 hit(s), 2 error(s), 1 left on base; Virginia 16 - Oklahoma 7
BOTTOM OF THE 8TH
Oklahoma Sooners batting - Pitching for Virginia Cavaliers : RHP Bill Ward
Batting: RHB Kurt Elkins 0-0: Called Strike
0-1: Ground out 6-3 (Groundball, 6M)
Batting: RHB Ralph Hayes 0-0: Swinging Strike
0-1: Fly out, F9 (Flyball, 9LSF)
Batting: RHB Dan Mitchell 0-0: Called Strike
0-1: Ground out 1-3 (Groundball, 23)
Bottom of the 8th over - 0 run(s), 0 hit(s), 0 error(s), 0 left on base; Virginia 16 - Oklahoma 7
TOP OF THE 9TH
Virginia Cavaliers batting - Pitching for Oklahoma Sooners : LHP Bruce Silva
Batting: RHB Ty Ford 0-0: Ball
1-0: Swinging Strike
1-1: Ball
2-1: Foul Ball, location: 2F
2-2: Strikes out swinging
Batting: RHB Jeremy Johnston 0-0: Called Strike
0-1: Foul Ball, location: 2F
0-2: Strikes out swinging
Batting: RHB John Dorsey 0-0: Fly out, F9 (Flyball, 9M)
Top of the 9th over - 0 run(s), 0 hit(s), 0 error(s), 0 left on base; Virginia 16 - Oklahoma 7
BOTTOM OF THE 9TH
Oklahoma Sooners batting - Pitching for Virginia Cavaliers : RHP Bill Ward
Now at C: David Carter
Batting: RHB Dan Johnson 0-0: Ball
1-0: Ball
2-0: Ball
3-0: Base on Balls
Batting: RHB Glenn Melican 0-0: Called Strike
0-1: Swinging Strike
0-2: Ball
1-2: Strikes out looking
Batting: RHB José Fuentes 0-0: Called Strike
0-1: Ball
1-1: SINGLE (Groundball, 56)
Dan Johnson to second
Batting: SHB César Álvarez 0-0: SINGLE (Flyball, 7S)
Dan Johnson to third
José Fuentes to second
Batting: RHB Ben Fisher 0-0: Ball
1-0: Called Strike
1-1: Ball
2-1: Ball
3-1: Swinging Strike
3-2: Foul Ball, location: 2F
3-2: Base on Balls
Dan Johnson scores
José Fuentes to third
César Álvarez to second
Batting: SHB Walt Rodgers 0-0: Ball
1-0: Ball
2-0: Ball
3-0: Called Strike
3-1: DOUBLE (Line Drive, 4)
José Fuentes scores
César Álvarez scores
Ben Fisher to third
Batting: RHB Kurt Elkins 0-0: Called Strike
0-1: Called Strike
0-2: Foul Ball, location: 2F
0-2: Ball
1-2: 3-RUN HOME RUN (Flyball, 7D), Distance : 354 ft
Pitching: RHP Cal Baldwin
Batting: RHB Ralph Hayes 0-0: SINGLE (Flyball, 9S)
Batting: RHB Dan Mitchell 0-0: Grounds into double play, 5-4-3 (Groundball, 5)
Bottom of the 9th over - 6 run(s), 5 hit(s), 0 error(s), 0 left on base; Virginia 16 - Oklahoma 13
This league is powered by Out of the Park Baseball, the baseball management simulation game for PC, Mac and Linux
Wednesday, December 2nd, 2015 - OOTP Baseball 16.8 Build 38